 Dungeon Sprint DCSS version 0.22.1-2-g9c5b331383 (webtiles) character file.

600 Groucho the Protected (level 7, 50/72 HPs)
             Began as a Deep Dwarf Fighter on Dec 8, 2018.
             Was a Believer of Cheibriados.
             Starved to death
             ... in the Dungeon (Sprint IX: "|||||||||||||||||||||||||||||").
             The game lasted 00:04:11 (191 turns).

Groucho the Protected (Deep Dwarf Fighter)           Turns: 191, Time: 00:04:13

Health: 50/72      AC: 16    Str: 26    XL:     7   Next: 18%
Magic:  10/12      EV:  7    Int: 14    God:    Cheibriados [**....]
Gold:   0          SH: 13    Dex: 23    Spells: 6/6 levels left

rFire    . . .     SeeInvis .   o - +1 broad axe (freeze)
rCold    . . .     Gourm    .   c - +0 shield
rNeg     . . .     Faith    .   r - +1 chain mail
rPois    .         Spirit   .   a - +0 helmet
rElec    .         Reflect  .   (no cloak)
rCorr    .         Harm     .   (no gloves)
MR       +....     NoTele   +   q - +0 pair of boots
Stlth    ..........             (no amulet)
HPRegen  0.00/turn              s - +2 ring of protection
MPRegen  0.13/turn              t - +3 ring of dexterity

@: mildly poisoned (50 -> 35), fainting, non-regenerating, very slow
A: damage resistance, heal wounds, sense surroundings 1, no regeneration
a: Heal Wounds, Bend Time, Renounce Religion


You were in the Dungeon.
You worshipped Cheibriados.
Cheibriados was pleased with you.
You were fainting.

You visited 1 branch

Inventory:

Hand Weapons
 o - a +1 broad axe of freezing (weapon)
 p - a +2 scimitar of flaming
Armour
 a - a +0 helmet (worn)
 c - a +0 shield (worn)
 q - a +0 pair of boots (worn)
 r - a +1 chain mail (worn)
Jewellery
 s - a +2 ring of protection (left hand)
 t - a +3 ring of dexterity (right hand)
Wands
 n - a wand of acid (10)
Scrolls
 k - 2 scrolls of blinking
 l - 3 scrolls of remove curse
 m - 2 scrolls of amnesia
Potions
 d - a potion of might
 e - a potion of invisibility
 g - 2 potions of heal wounds
 h - a potion of haste
 i - 4 potions of magic
 j - 4 potions of curing


   Skills:
 + Level 7.2 Fighting
 + Level 8.3 Axes
 + Level 8.7 Armour
 + Level 8.7 Shields
 + Level 7.0 Invocations


You had 6 spell levels left.
You didn't know any spells.
Your spell library was empty.

Dungeon Overview and Level Annotations

Branches:
Dungeon (1/1)

Altars:
Cheibriados
Dithmenos
Elyvilon
Fedhas
Gozag
Hepliaklqana
Kikubaaqudgha
Makhleb
Nemelex Xobeh
Okawaru
Qazlal
Ru
Sif Muna
Trog
Uskayaw
Vehumet
Wu Jian
Xom
Yredelemnul
Zin
The Shining One
Beogh
Jiyva
Lugonu


Innate Abilities, Weirdness & Mutations

You are resistant to damage.
You can heal yourself by infusing magical energy.
You passively map a small area around you.
You do not regenerate.


Message History

You are lethally poisoned!
There is an open door to the Dungeon here.
Things that are here:
a tomahawk; a sky beast corpse You feel much better.
You feel sick.
You slice the orc warrior!! You freeze the orc warrior!
You kill the orc warrior!
Cheibriados appreciates the change of pace.
Your Fighting skill increases to level 7!
Your Axes skill increases to level 8!
You have reached level 7!
You feel very sick. The killer bee barely misses you.
You slice the killer bee!! You freeze the killer bee!
You kill the killer bee!
Cheibriados thoroughly appreciates the change of pace.
Cheibriados raises the support of your attributes as your movement slows. x2
Your Invocations skill increases to level 7!
You have starved to death.
You die...

, ∩ + * * , , , ** * * *
* * , , , , +,,, ,, * *
* * * ,, , , ,,,
▓▓▓▓▓▓▓▓▓▓▓▓▓▓▓▓▓▓▓▓▓▓▓▓
,
+....≈)@(....)|..'______
*
▓▓▓▓▓▓▓▓▓▓▓▓▓▓▓▓▓▓▓▓▓▓▓▓


There were no monsters in sight!

Vanquished Creatures
  A hungry ghost (D)
  2 sky beasts (D)
  An orc warrior (D)
  A centaur (D)
  2 killer bees (D)
  An adder (D)
  A shadow imp (D)
  An adder zombie (D)
  2 dart slugs (D)
  A bat (D)
  A hobgoblin (D)
  A jackal (D)
  A kobold (D)
16 creatures vanquished.

Vanquished Creatures (others)
  A spatial maelstrom (D)
1 creature vanquished.

Grand Total: 17 creatures vanquished

Notes
Turn   | Place    | Note
-------+----------+-------------------------------------------
     0 | D        | Groucho the Deep Dwarf Fighter began the quest for the Orb.
     0 | D        | Reached XP level 1. HP: 20/20 MP: 1/1
    16 | D        | Reached XP level 2. HP: 25/28 MP: 2/2
    21 | D        | Noticed a sky beast
    27 | D        | Banished a spatial maelstrom
    35 | D        | Killed a sky beast
    35 | D        | Reached skill level 5 in Axes
    35 | D        | Reached skill level 5 in Armour
    35 | D        | Reached skill level 5 in Shields
    35 | D        | Reached XP level 3. HP: 35/38 MP: 3/3
    35 | D        | Reached XP level 4. HP: 41/45 MP: 4/4
    41 | D        | Reached skill level 5 in Fighting
    56 | D        | Found a roughly hewn altar of Beogh.
    56 | D        | Found a snail-covered altar of Cheibriados.
    56 | D        | Found a shadowy altar of Dithmenos.
    56 | D        | Found a white marble altar of Elyvilon.
    56 | D        | Found a blossoming altar of Fedhas.
    56 | D        | Found an opulent altar of Gozag.
    57 | D        | Found a hazy altar of Hepliaklqana.
    58 | D        | Found a viscous altar of Jiyva.
    59 | D        | Found an ancient bone altar of Kikubaaqudgha.
    60 | D        | Became a worshipper of Cheibriados the Contemplative
    61 | D        | Found a corrupted altar of Lugonu.
    62 | D        | Found a burning altar of Makhleb.
    63 | D        | Found a sparkling altar of Nemelex Xobeh.
    64 | D        | Found an iron altar of Okawaru.
    65 | D        | Found a stormy altar of Qazlal.
    66 | D        | Found a sacrificial altar of Ru.
    67 | D        | Found a deep blue altar of Sif Muna.
    68 | D        | Found a bloodstained altar of Trog.
    69 | D        | Found a hide-covered altar of Uskayaw.
    70 | D        | Found a radiant altar of Vehumet.
    71 | D        | Found an ornate altar of the Wu Jian Council.
    72 | D        | Found a shimmering altar of Xom.
    73 | D        | Found a basalt altar of Yredelemnul.
    74 | D        | Found a glowing silver altar of Zin.
    75 | D        | Found a glowing golden altar of the Shining One.
   128 | D        | Noticed an orc warrior
   128 | D        | Noticed a sky beast
   128 | D        | Noticed a centaur
   128 | D        | Noticed a hungry ghost
   134 | D        | Reached XP level 5. HP: 32/52 MP: 4/6
   161 | D        | Killed a hungry ghost
   161 | D        | Reached * piety under Cheibriados
   161 | D        | Reached XP level 6. HP: 36/62 MP: 6/9
   176 | D        | Reached skill level 5 in Invocations
   187 | D        | Killed a sky beast
   187 | D        | Reached ** piety under Cheibriados
   190 | D        | Killed an orc warrior
   190 | D        | Reached XP level 7. HP: 53/72 MP: 10/12
   191 | D        | Starved to death

Skill      XL: |  1  2  3  4  5  6  7 |
---------------+----------------------+-----
Fighting       | 3 4 5 6 7 |  7.2
Axes           | 3 5 6 7 8 |  8.3
Armour         | 5 6 7 8 |  8.7
Shields        | 5 6 7 8 |  8.7
Invocations    | 2 4 6 7 |  7.0

Action                   |  1- 3 |  4- 6 |  7- 9 || total
-------------------------+-------+-------+-------++-------
Melee: War axe           |    23 |    14 |       ||    37
       Broad axe         |       |    57 |     1 ||    58
  Use: Potion            |     2 |     1 |       ||     3
  Eat: Ration            |       |     1 |       ||     1
Armor: Scale mail        |    14 |     4 |       ||    18
       Chain mail        |       |    39 |       ||    39
Dodge: Dodged            |     6 |    14 |     1 ||    21
Block: Shield            |     5 |    48 |       ||    53
